 Dungeon Crawl Stone Soup version bcrawl-1.13.1-9-ga81ed0b431 (webtiles) character file.

Game seed: 12740362142271689594

37 Revguard the Ducker (level 3, 0/27 HPs)
             Began as a Demonspawn Archaeologist on Aug 7, 2019.
             Slain by an orc wizard
             ... wielding a +1 dagger of venom
              (1 damage)
             ... on level 2 of the Dungeon.
             The game lasted 00:02:53 (1226 turns).

Revguard the Ducker (Demonspawn Archaeologist)      Turns: 1226, Time: 00:02:54

Health: 0/27       AC: 14    Str: 11 (12) XL:     3   Next: 21%
Magic:  3/3        EV:  5    Int: 14 (15) God:
Gold:   95         SH:  0    Dex:  8 (11) Spells: 2/2 levels left

rFire    + . .     SeeInvis .   a - +0 whip
rCold    x . .     Gourm    .   (no shield)
rNeg     . . .     Faith    .   n - +0 chain mail
rPois    .         Spirit   .   c - +1 hat
rElec    .         Reflect  .   (no cloak)
rCorr    .         Harm     .   (no gloves)
MR       .....                  d - +1 pair of boots
Stlth    ..........             (no amulet)
HPRegen  0.09/turn              l - ring of fire
MPRegen  0.08/turn              (no ring)

@: lethally poisoned (0 -> -3), hasted and slowed, studying Fighting
A: thin metallic scales 2
a: no special abilities


You were on level 2 of the Dungeon.
You were not hungry.

You visited 1 branch of the dungeon, and saw 2 of its levels.

You collected 95 gold pieces.

Inventory:

Hand Weapons
 a - a +0 whip (weapon)
Armour
 c - a +1 hat (worn)
 d - a +1 pair of boots (worn)
 n - a +0 chain mail (worn)
Jewellery
 l - a ring of fire (left hand)
Scrolls
 b - a scroll of fog {unknown}
 h - 2 scrolls of identify {unknown}
 j - a scroll of teleportation {unknown}
 k - a scroll of magic mapping {unknown}
 o - a scroll of blinking {unknown}
Books
 e - a manual of Fighting
Miscellaneous
 f - an ancient crate
Comestibles
 g - 4 rations {!d}


   Skills:
 * Level 1.6 Fighting
 + Level 1.3 Maces & Flails
 * Level 0.9 Armour
 + Level 3.1 Dodging
 - Level 3.0 Stealth
 * Level 0.9 Evocations


You had 2 spell levels left.
You didn't know any spells.
Your spell library was empty.

Dungeon Overview and Level Annotations

Branches:
Dungeon (2/12)

Altars:


Innate Abilities, Weirdness & Mutations

You are mostly covered in thin metallic scales. (AC +3)


Message History

The magic dart hits you!
* * * LOW HITPOINT WARNING * * *
You hit the orc wizard.
The orc wizard is moderately wounded.
The orc wizard hits you with a +1 dagger of venom.
* * * LOW HITPOINT WARNING * * *
The orc wizard hits you but does no damage.
It was a potion of haste.
You feel yourself speed up.
You feel sick.
The orc wizard gestures at you while chanting.
The magic dart hits you!
* * * LOW HITPOINT WARNING * * *
It was a potion of degeneration.
There was something very wrong with that liquid.
You feel weakened.
You feel dopey.
You feel clumsy.
You feel less wooden.
Your +1 hat unmelds from your body.
Your +1 pair of boots unmelds from your body.
Your +0 chain mail unmelds from your body.
The orc wizard hits you with a +1 dagger of venom.
You die...

#.# ..# #. #.# ..#
###.###.########..#
......)...........#
.................######
###.###.#....o.÷.......
#.#.####......... #.#o#
#...######. #.#@#
#...########## #.#.#
#...'.÷....... #.#.#
#...##########
#.#.###...## #........#
########.# #.# # #.# #
#.# #


You could see an orc wizard.

Vanquished Creatures
  2 dart slugs
  A leopard gecko (D:1)
  2 orcs (D:2)
  2 giant cockroaches (D:1)
  2 goblins (D:1)
  6 jackals
  2 kobolds
  A quokka (D:1)
  4 bats (D:1)
  2 frilled lizards (D:1)
  4 rats
28 creatures vanquished.

Notes
Turn   | Place    | Note
-------+----------+-------------------------------------------
     0 | D:1      | Revguard the Demonspawn Archaeologist began the quest for
                  | the Orb.
     0 | D:1      | Reached XP level 1. HP: 15/15 MP: 1/1
   246 | D:1      | Gained mutation: You are partially covered in thin metallic
                  | scales. (AC +2) [demonic ancestry]
   246 | D:1      | Reached XP level 2. HP: 20/21 MP: 2/2
   372 | D:1      | Reached skill level 1 in Maces & Flails
   966 | D:2      | Gained mutation: You are mostly covered in thin metallic
                  | scales. (AC +3) [demonic ancestry]
   966 | D:2      | Reached XP level 3. HP: 17/26 MP: 3/3
  1225 | D:2      | HP: 1/40 [orc wizard/magic dart (6)]
  1226 | D:2      | Slain by an orc wizard

Skill      XL: |  1  2 |
---------------+-------+-----
Maces & Flails | 1 |  1.3
Dodging        | 3 |  3.1
Fighting       | |  1.6
Armour         | |  0.9
Stealth        | |  3.0
Evocations     | |  0.9

Action                   || total
-------------------------++-------
Melee: Whip              ||   167
  Use: Potion            ||     4
 Stab: Sleeping          ||     3
  Eat: Chunk             ||     1
Armor: Robe              ||    17
       Chain mail        ||   231
       Skin              ||     9
Dodge: Dodged            ||   116
